Map: Blackpink LE

Players

CinDra

  • Race: Protoss Protoss
  • League: Bronze
  • Spawn Location: 7:00

gebug - Winner!

  • Race: Terran Terran
  • League: Silver
  • Spawn Location: 1:00

VOD

Have the link to the VOD?

Description

Time

  • Played on: Feb. 4, 2018, 12:53 a.m.
  • Length: 6:11
Show
View Real Time Build Order
Export as new Build Order

CinDra Protoss 

Build Orders:  

Get SALT Encoding   

  12  0:01  Probe  
  13  0:13  Probe (Chrono Boost)  
  14  0:20  Pylon  
  14  0:25  Probe (Chrono Boost)  
  15  0:36  Probe (Chrono Boost)  
  16  0:44  Gateway  
  16  0:47  Probe  
  17  0:58  Assimilator  
  17  0:59  Probe  
  18  1:07  Pylon  
  18  1:11  Probe (Chrono Boost)  
  19  1:21  Probe (Chrono Boost)  
  20  1:26  Probe (Chrono Boost)  
  21  1:41  Probe  
  21  1:43  Zealot  
  21  1:45  Cybernetics Core  
  24  1:53  Probe  
  24  2:05  Probe  
  24  2:06  Nexus  
  25  2:11  Zealot  
  25  2:14  Warp Gate (Chrono Boost)  
  27  2:17  Probe  
  28  2:26  Assimilator  
  28  2:31  Probe  
  29  2:39  Pylon  
  29  2:43  Probe  
  30  2:51  Gateway  
  30  2:56  Probe  
  30  2:57  Adept  
  33  3:08  Probe  
  34  3:17  Pylon  
  34  3:20  Probe (Chrono Boost)  
  34  3:27  Probe (Chrono Boost)  
  36  3:30  Robotics Facility, Probe (Chrono Boost)  
  36  3:34  Probe x2 (Chrono Boost)  
  38  3:37  Zealot  
  41  3:46  Probe x2  
  43  3:51  Assimilator  
  43  3:53  Assimilator  
  43  3:58  Probe x2  
  45  4:10  Probe (Chrono Boost)  
  45  4:12  Probe (Chrono Boost)  
  47  4:21  Stalker x2  
  47  4:23  Probe (Chrono Boost)  
  53  4:27  Observer, Probe (Chrono Boost)  
  53  4:29  Probe (Chrono Boost)  
  55  4:34  Probe  
  55  4:38  Probe  
  57  4:45  Robotics Bay  
  57  4:48  Twilight Council  
  49  4:58  Stalker x2  
  49  5:02  Immortal  
  51  5:36  Pylon  
  51  5:37  Pylon  
  51  5:41  Pylon  
  47  5:57  Stalker x2  
Show
View Real Time Build Order
Export as new Build Order

gebug Terran - Winner!

Build Orders:  

Get SALT Encoding   

  12  0:02  SCV  
  13  0:17  Supply Depot  
  13  0:22  SCV  
  14  0:34  SCV  
  15  0:41  Barracks  
  15  0:50  Barracks  
  15  1:00  SCV  
  16  1:12  SCV  
  17  1:29  Supply Depot  
  17  1:39  Marine x2  
  19  1:56  Marine  
  19  1:57  Barracks, Marine  
  21  2:08  Orbital Command  
  21  2:14  Marine  
  21  2:15  Marine  
  23  2:28  Supply Depot  
  23  2:32  Marine  
  23  2:33  Marine  
  25  2:46  Marine  
  25  2:50  Marine x2  
  28  2:58  Barracks  
  28  3:04  Marine  
  29  3:08  Marine x2  
  31  3:22  Marine  
  31  3:25  Marine  
  31  3:26  Marine  
  34  3:40  Marine  
  35  3:43  Marine  
  35  3:44  Marine  
  35  3:45  Marine  
  38  3:56  Supply Depot  
  38  3:57  Marine  
  39  4:18  Marine x4  
  39  4:21  Supply Depot  
  43  4:25  Barracks  
  43  4:35  Marine x4  
  43  4:53  Marine x4  
  46  5:11  Marine x4  
  50  5:16  Marine  
  49  5:29  Marine x4  
  49  5:34  Marine  
  51  5:47  Marine x4  
  51  5:52  Marine  
Tags
 
Add a new tag
Caveats
  • Supply blocks, unpowered buildings, or Contaminate may cause inaccurate times.
  • Supply counts are checked every 10 seconds.